 Dungeon Crawl Stone Soup version 0.31-a0-1074-g0b22e4e0f1 (webtiles) character file.

Game seed: 7076236123417149441

529 monsoonserge the Ruffian (level 7, -6/62 HPs)
             Began as a Troll Shapeshifter on Dec 1, 2023.
             Mangled by a gnoll
             ... wielding a +0 flail
             ... led by a gnoll sergeant
              (8 damage)
             ... on level 5 of the Dungeon.
             The game lasted 00:06:34 (2666 turns).

monsoonserge the Ruffian (Troll Shapeshifter)       Turns: 2666, Time: 00:06:35

Health: -6/62      AC:  8    Str: 31    XL:     7   Next: 3%
Magic:  6/6        EV: 10    Int:  6    God:
Gold:   230        SH:  0    Dex:  9    Spells: 6/6 levels left

rFire   . .          .
                       - Unarmed
rCold   . . .        (no shield)
rNeg    . . .        a - +0 animal skin
rPois   .            (helmet currently unavailable)
rElec   .            (cloak currently unavailable)
rCorr   .            (gloves unavailable)
SInv    .            (boots unavailable)
Will    .....        (no amulet)
Stlth   +            k - +6 ring of strength
HPRegen 1.10/turn    i - +4 ring of protection
MPRegen 0.10/turn

%: no passive effects
@: beast-form, on berserk cooldown, hasted and slowed
A: beast (slay +2), large, unfitting armour, claws 3, regeneration 1, shaggy fur
1, tough skin 1
a: Begin Untransformation


You were on level 5 of the Dungeon.
You were a hulking beast.
You visited 1 branch of the dungeon, and saw 5 of its levels.

You collected 230 gold pieces.

Inventory:

Missiles
 o - 3 boomerangs (quivered)
Armour
 a - a +0 animal skin (worn)
Jewellery
 g - a +6 ring of dexterity
 i - a +4 ring of protection (right claw)
 k - a +6 ring of strength (left claw)
 m - a +5 ring of evasion
Talismans
 c - a beast talisman
 d - a flux talisman
Wands
 q - a wand of polymorph (4)
Scrolls
 e - 3 scrolls of fog {unknown}
 h - 3 scrolls of revelation
 j - a scroll of identify
 l - a scroll of immolation
 r - a scroll of enchant armour
 s - a scroll of teleportation
 t - 2 scrolls of summoning
 u - a scroll of vulnerability {unknown}
Potions
 b - 2 potions of lignification
 f - a potion of berserk rage
 n - a potion of attraction


   Skills:
 + Level 1.5 Fighting
 + Level 2.4 Dodging
 + Level 6.4 Unarmed Combat
 + Level 1.0 Evocations
 + Level 4.1 Shapeshifting


You had 6 spell levels left.
You didn't know any spells.
Your spell library contained the following spells:

 Spells                   Type           Power      Damage    Failure   Level
 Magic Dart               Conj           0%         1d3       45%         1
 Slow                     Hex            0%         N/A       45%         1
 Call Imp                 Summ           0%         N/A       58%         2
 Confusing Touch          Hex            0%         N/A       83%         3
 Mephitic Cloud           Conj/Pois/Air  0%         N/A       83%         3
 Sigil of Binding         Hex            0%         N/A       83%         3
 Vampiric Draining        Necr           0%         2d6       83%         3
 Summon Ice Beast         Ice/Summ       0%         N/A       99%         4
 Vhi's Electric Charge    Tloc/Air       0%         N/A       99%         4
 Arcjolt                  Conj/Air       0%         1d10      100%        5
 Summon Mana Viper        Hex/Summ       0%         N/A       100%        5
 Plasma Beam              Fire/Air       0%         2x1d10    100%        6
 Monstrous Menagerie      Summ           0%         N/A       100%        7


Dungeon Overview and Level Annotations

Branches:
Dungeon (5/15)
 Temple: D:4-7

Altars:
Qazlal

Annotations:
D:3 2 transporters, Sanktem7's ghost, weakling MiFi


Innate Abilities, Weirdness & Mutations

You are a hulking beast.
Your limbs bulge with bestial killing power. (Slay +2)
You are too large for most types of armour.
You have claws for hands.
Your natural rate of healing is unusually fast.
You are covered in fur. (AC +1)
You have tough skin. (AC +1)


Message History

Deactivating autopickup; reactivate with Ctrl-A.
The orc hits you with a +0 flail!
* * * LOW HITPOINT WARNING * * *
The orc priest invokes the aid of Beogh against you.
Beogh smites you!
* * * LOW HITPOINT WARNING * * *
You closely miss the orc. You barely miss something.
The gnoll barely misses you. Something hits you but does no damage.
The orc hits you but does no damage.
You bump into the tree.
You feel less confused.
You are no longer berserk.
You are exhausted.
You feel yourself slow down. The gnoll barely misses you.
Something hits you but does no damage. The orc hits you but does no damage.
Things that are here:
a +0 club; a gnoll corpse Unknown command.
Okay, then.
Okay, then.
You feel yourself speed up. The gnoll hits you but does no damage.
The gnoll barely misses you.
You claw the gnoll!
You kill the gnoll!
You have reached level 7!
You scratch the gnoll.
The gnoll is lightly wounded.
A gnoll comes into view. It is wielding a +0 whip.
A gnoll sergeant comes into view. It is wielding a +0 spear.
The gnoll attacks as it pursues you! The gnoll hits you with a +0 club.
* * * LOW HITPOINT WARNING * * *
You claw the gnoll!
You kill the gnoll!
You barely miss the gnoll. The gnoll hits you but does no damage.
The orc priest calls down the wrath of Beogh upon you.
Beogh smites you!
* * * LOW HITPOINT WARNING * * *
You scratch the gnoll.
The gnoll is lightly wounded.
The gnoll hits you with a +0 flail!
You die...

######>...)...'..........
#........#######..........
...........## ####.#.###.
#..♣♣.♣♣....##### #.#.....
....♣.♣.......... #.#.....
♣.....♣........ #.#.....
..♣♣..)♣♣........ #.##....
....._o{g.#..##...........
..♣♣..)♣♣h##.# ...##...#
♣.... ♣|# .# ... #...#
#...♣.♣ ..# # .. #####
...♣♣. ♣gg. . ## .. ....
.. ...... #. ......
........


You could see a gnoll sergeant, an orc priest and 2 gnolls.

Vanquished Creatures
  An ogre (D:5)
  A bullfrog (D:5)
  2 orc priests
  An iguana (D:4)
  5 orc wizards
  6 adders
  3 gnolls (D:5)
  A worm (D:5)
  3 dart slugs
  13 orcs
  6 ball pythons
  7 endoplasms
  3 giant cockroaches
  11 goblins
  5 hobgoblins
  3 jackals (D:3)
  3 quokkas
  A bat (D:2)
  2 frilled lizards
  7 kobolds
  5 rats
89 creatures vanquished.

Notes
Turn   | Place    | Note
-------+----------+-------------------------------------------
     0 | D:1      | monsoonserge the Troll Shapeshifter began the quest for the
                  | Orb.
     0 | D:1      | Reached XP level 1. HP: 18/18 MP: 0/0
   133 | D:1      | Reached XP level 2. HP: 25/26 MP: 1/1
   444 | D:1      | Found a faded altar of an unknown god.
   742 | D:2      | Reached XP level 3. HP: 31/32 MP: 2/2
   864 | D:2      | Reached skill level 4 in Unarmed Combat
   973 | D:2      | Reached XP level 4. HP: 40/40 MP: 3/3
  1086 | D:2      | Reached skill level 1 in Fighting
  1274 | D:3      | Found a transporter.
  1277 | D:3      | Noticed Sanktem7's ghost (weakling MiFi)
  1287 | D:3      | Found a transporter.
  1315 | D:3      | Reached XP level 5. HP: 48/48 MP: 4/4
  1433 | D:3      | Reached skill level 5 in Unarmed Combat
  1757 | D:4      | Identified the +4 halberd of Compound Interest {flame,
                  | rPois rF+ SInv}
  2067 | D:4      | Reached XP level 6. HP: 55/55 MP: 5/5
  2561 | D:5      | Entered Level 5 of the Dungeon
  2588 | D:5      | Reached skill level 1 in Evocations
  2613 | D:5      | Reached skill level 6 in Unarmed Combat
  2626 | D:5      | Found a stormy altar of Qazlal.
  2662 | D:5      | Reached XP level 7. HP: 15/62 MP: 6/6
  2665 | D:5      | HP: 1/62 [orc priest/divine providence (17)]
  2666 | D:5      | Mangled by a gnoll

Illustrated notes

Levels and vault maps discovered:
D:1:      dreamdust_arrival_beginning_and_end, layout_basic,
          nicolae_ecumenical_lake_church
D:2:      layout_basic, minmay_vboxes
D:3:      layout_basic, gammafunk_ghost_arena
D:4:      layout_loops_corners, kennysheep_cross_room
D:5:      layout_basic, old_standard_altar, gammafunk_temple_overflow_forgotten,
          mainiacjoe_overflow_small_starburst, gammafunk_temple_overflow_pools,
          gammafunk_ghost_mausoleum

Skill      XL: |  1  2  3  4  5  6 |
---------------+-------------------+-----
Unarmed Combat | 4 5 6 |  6.4
Fighting       | 1 |  1.5
Dodging        | 2 |  2.4
Shapeshifting  | 4 |  4.1
Evocations     | 1 |  1.0

Action                     |  1- 3 |  4- 6 |  7- 9 || total
---------------------------+-------+-------+-------++-------
  Melee: Unarmed           |    63 |   127 |     4 ||   194
         Punch             |       |     1 |       ||     1
    Use: Scroll            |       |     8 |       ||     8
         Potion            |       |     2 |       ||     2
   Stab: Sleeping          |       |     1 |       ||     1
 Armour: Animal skin       |    47 |    98 |     3 ||   148
  Dodge: Dodged            |    26 |    63 |       ||    89

Table legend: (Time is in decaauts)
 A = Elapsed time spent in this place.
 B = Non-inter-level travel time spent in this place.
 C = Inter-level travel time spent in this place.
 D = Time resting spent in this place.
 E = Time spent auto-exploring this place.
 F = Levels seen in this place.
 G = Mean time per level.
                   A        B        C        D        E       F      G
               +--------+--------+--------+--------+--------+-----+--------+
         Total |   2642 |   2499 |    143 |      0 |   1721 |   5 |  528.4 |
       Dungeon |   2642 |   2499 |    143 |      0 |   1721 |   5 |  528.4 |
               +--------+--------+--------+--------+--------+-----+--------+

Top non-repeatable levels by time:
     D:4: 874 daAuts
     D:1: 706 daAuts
     D:2: 484 daAuts
     D:3: 479 daAuts
     D:5: 98 daAuts
